 Dungeon Crawl Stone Soup version 0.30-a0-292-g0f741e3f8e (webtiles) character file.

Game seed: 4180623183716854133

9 Flugkiller the Cutter (level 2, 22/22 HPs)
             Began as a Demonspawn Gladiator on Oct 17, 2022.
             Quit the game on level 1 of the Dungeon.
             The game lasted 00:00:16 (284 turns).

Flugkiller the Cutter (Demonspawn Gladiator)         Turns: 284, Time: 00:00:17

Health: 22/22      AC:  4    Str: 14    XL:     2   Next: 6%
Magic:  2/2        EV: 12    Int:  9    God:
Gold:   60         SH:  0    Dex: 16    Spells: 1/1 levels left

rFire   + . .      SeeInvis .    a - +0 rapier
rCold   . . .      Faith    .    (no shield)
rNeg    . . .      Spirit   .    b - +0 leather armour
rPois   .          Reflect  .    c - +0 helmet
rElec   .          Harm     .    (no cloak)
rCorr   .          Rampage  .    (no gloves)
Will    .....                    (no boots)
Stlth   ++........               (no amulet)
HPRegen 0.23/turn                p - ring of protection from fire
MPRegen 0.08/turn                (no ring)

@: no status effects
A: thin skeletal structure 1
a: no special abilities


You were on level 1 of the Dungeon.
You visited 1 branch of the dungeon, and saw 1 of its levels.

You collected 60 gold pieces.

Inventory:

Hand Weapons
 a - a +0 rapier (weapon)
Missiles
 d - 3 throwing nets (quivered)
 e - a javelin
Armour
 b - a +0 leather armour (worn)
 c - a +0 helmet (worn)
Jewellery
 p - a ring of protection from fire (left hand)
   (You found it on level 1 of the Dungeon)
Scrolls
 f - a scroll of fear {unknown}
 h - a scroll of poison {unknown}
 i - a scroll of blinking {unknown}
 j - a scroll of identify {unknown}
Potions
 g - 2 potions of haste {unknown}
 k - a potion of degeneration {unknown}


   Skills:
 - Level 2.0 Fighting
 + Level 3.3 Short Blades
 - Level 1.7 Throwing
 - Level 2.6 Dodging


You had one spell level left.
You didn't know any spells.
Your spell library contained the following spells:

 Spells                   Type           Power      Damage    Failure   Level
 Ignite Poison            Fire/Tmut/Pois 0%         N/A       83%         3
 Kindle Blastsparks       Fire/Tloc/Air  0%         2d10      83%         3
 Freezing Cloud           Conj/Ice/Air   0%         6-21      100%        5


Dungeon Overview and Level Annotations

Branches:
Dungeon (1/15) Zot: 5714

Altars:


Innate Abilities, Weirdness & Mutations

You have a somewhat thin skeletal structure. (Dex +2, Stealth+)


Message History

No target in view!
No target in view!
No target in view!
No target in view!
j - a scroll labelled BACHIH ISINE You now have 49 gold pieces (gained 18).
You open the door.
There is an open door here.
You open the door.
There is an open door here.
You now have 60 gold pieces (gained 11).
You open the door.
A bat comes into view.
The bat hits you but does no damage. The bat hits you.
There is an open door here.
A bat is nearby!
You miss the bat. The bat barely misses you. The bat closely misses you.
The bat hits you but does no damage. x2
You barely miss the bat. The bat hits you. The bat barely misses you.
The bat barely misses you. The bat misses you.
You closely miss the bat. The bat barely misses you. The bat barely misses you.
The bat closely misses you. x2
You hit the bat but do no damage. The bat hits you but does no damage.
A bat is nearby!
A bat is nearby!
You closely miss the bat. The bat closely misses you. x2
The bat barely misses you.
You hit the bat.
The bat is heavily wounded.
The bat barely misses you. The bat closely misses you.
The bat hits you but does no damage.
You hit the bat.
You kill the bat!
No target in view!
No target in view!
No target in view!
No target in view!
A ball python comes into view.
A ball python is nearby!
The ball python barely misses you. The ball python grabs you.
The ball python constricts you. The ball python bites you.
The ball python constricts you.
You barely miss the ball python.
The ball python bites you but does no damage.
The ball python constricts you.
You hit the ball python.
The ball python is severely wounded.
The ball python bites you but does no damage.
The ball python constricts you.
You barely miss the ball python.
The ball python is severely wounded.
The ball python barely misses you. The ball python constricts you.
You puncture the ball python!
You kill the ball python!
No target in view!
No target in view!
HP restored.
As you open the door, it creaks loudly!
Found a stone staircase leading down.
There is an open door here.
No target in view!
No target in view!
No target in view!
No target in view!
No target in view!
No target in view!
A goblin comes into view. It is wielding a +0 club.
The goblin shouts!
A goblin is nearby!
A goblin is nearby!
You see here a black potion.
The goblin closely misses you.
You hit the goblin.
You kill the goblin!
You have reached level 2!
Your demonic ancestry asserts itself...
Your bones become slightly less dense.
k - a black potion You see here a +0 club.
A bat comes into view.
Found a dagger.
A bat is nearby!
A bat is nearby!
The bat hits you but does no damage.
You hit the bat. Your punch misses the bat.
The bat is moderately wounded.
The bat hits you but does no damage. The bat closely misses you.
You puncture the bat!
You kill the bat!
No target in view!
No target in view!
No target in view!
No target in view!
No target in view!
No target in view!
No target in view!
Are you sure you want to abandon this character and quit the game? (Confirm with "yes".)

.. ... ..
...... ####+##
.).... ......
.....###......
.............
#..........
#.......#
#######
#.......#
#.....#
#...@...####
#.....#
#..........#
#.....#
####.#.....#
#.....#
#.#+#...#
#..>..#
#........#
###.....#
#....##..#
#.+.....#
#######...# ..#
..#.....#
#......#..#...#
#.'.....#
#..###.#.....#


There were no monsters in sight!

Vanquished Creatures
  A ball python (D:1)
  3 bats (D:1)
  An endoplasm (D:1)
  A goblin (D:1)
  A hobgoblin (D:1)
  A rat (D:1)
8 creatures vanquished.

Notes
Turn   | Place    | Note
-------+----------+-------------------------------------------
     0 | D:1      | Flugkiller the Demonspawn Gladiator began the quest for the
                  | Orb.
     0 | D:1      | Reached XP level 1. HP: 16/16 MP: 1/1
    90 | D:1      | Found a faded altar of an unknown god.
   137 | D:1      | Reached skill level 3 in Short Blades
   265 | D:1      | Gained mutation: You have a somewhat thin skeletal
                  | structure. (Dex +2, Stealth+) [demonic ancestry]
   265 | D:1      | Reached XP level 2. HP: 22/22 MP: 2/2
   284 | D:1      | Quit the game

Illustrated notes

Levels and vault maps discovered:
D:1:      lightli_arrival_chessboard, layout_basic,
          hellmonk_ecumenical_altar_heavens_door,
          nicolae_concentric_dashed_squares_wild

Skill      XL: |  1 |
---------------+----+-----
Short Blades   | 3 |  3.3
Fighting       | |  2.0
Throwing       | |  1.7
Dodging        | |  2.6

Action                   || total
-------------------------++-------
Melee: Rapier            ||    29
Armor: Leather armour    ||    11
Dodge: Dodged            ||    30

Table legend: (Time is in decaauts)
 A = Elapsed time spent in this place.
 B = Non-inter-level travel time spent in this place.
 C = Inter-level travel time spent in this place.
 D = Time resting spent in this place.
 E = Time spent auto-exploring this place.
 F = Levels seen in this place.
 G = Mean time per level.
                   A        B        C        D        E       F      G
               +--------+--------+--------+--------+--------+-----+--------+
         Total |    285 |    285 |      0 |      0 |    208 |   1 |  285.0 |
       Dungeon |    285 |    285 |      0 |      0 |    208 |   1 |  285.0 |
               +--------+--------+--------+--------+--------+-----+--------+

Top non-repeatable levels by time:
     D:1: 285 daAuts
